 Dungeon Crawl Stone Soup version 0.23.0 (webtiles) character file.

Game seed: 11688012091595695973

34 bibibibi the Skirmisher (level 3, -2/49 HPs)
             Began as a Minotaur Berserker on Feb 17, 2019.
             Was a Follower of Trog.
             Slain by a hobgoblin
             ... wielding a +0 club
              (4 damage)
             ... on level 1 of the Dungeon.
             The game lasted 00:02:53 (912 turns).

bibibibi the Skirmisher (Minotaur Berserker)         Turns: 912, Time: 00:02:54

Health: -2/49      AC:  2    Str: 27    XL:     3   Next: 14%
Magic:  2/2        EV: 12    Int:  4    God:    Trog [*.....]
Gold:   77         SH:  0    Dex:  9    Spells: 2/2 levels left

rFire    . . .     SeeInvis .   a - +0 hand axe
rCold    . . .     Gourm    .   (no shield)
rNeg     . . .     Faith    .   b - +0 animal skin
rPois    .         Spirit   .   (helmet restricted)
rElec    .         Reflect  .   (no cloak)
rCorr    .         Harm     .   (no gloves)
MR       .....                  (no boots)
Stlth    ..........             (no amulet)
HPRegen  0.16/turn              (no ring)
MPRegen  0.08/turn              (no ring)

@: berserking, very quick
A: retaliatory headbutt, horns 2
a: Berserk, Renounce Religion


You were on level 1 of the Dungeon.
You worshipped Trog.
Trog was aware of your devotion.
You were hungry.

You visited 1 branch of the dungeon, and saw 2 of its levels.

You collected 77 gold pieces.

Inventory:

Hand Weapons
 a - a +0 hand axe (weapon)
Armour
 b - a +0 animal skin (worn)
Scrolls
 d - a scroll of random uselessness {unknown}
 f - a scroll of fear {unknown}
 h - a scroll of magic mapping {unknown}
 i - 2 scrolls of identify {unknown}
Potions
 e - a potion of haste {unknown}
 g - a potion of curing {unknown}
Comestibles
 c - 6 rations


   Skills:
 + Level 4.1 Fighting
 + Level 4.1 Axes
 + Level 3.0 Armour
 + Level 2.7 Dodging


You had 2 spell levels left.
You didn't know any spells.
Your spell library was empty.

Dungeon Overview and Level Annotations

Branches:
Dungeon (2/15)

Altars:


Innate Abilities, Weirdness & Mutations

You reflexively headbutt those who attack you in melee.
You have a pair of horns on your head.


Message History

The stone closely misses you.
The rat moves out of view.
There is a stone staircase leading up here.
The hobgoblin hits you with a +0 club. Something hits you.
Something shocks you.
* * * LOW HITPOINT WARNING * * *
The hobgoblin barely misses you. The hobgoblin closely misses you.
The goblin shoots a stone.
The stone hits you but does no damage.
You climb upwards.
Reactivating autopickup.
There is a stone staircase leading down here.
A red film seems to cover your vision as you go berserk!
You feel yourself moving faster!
You feel mighty!
You are feeling hungry.
Something hits you.
* * * LOW HITPOINT WARNING * * *
Something shocks you.
* * * LOW HITPOINT WARNING * * *
Deactivating autopickup; reactivate with Ctrl-A.
The hobgoblin misses you. The hobgoblin hits you with a +0 club.
You die...

##.#####......#.#...#########
#.# #......#.#...## #.#
#......#.#....# #.#
###.####.#..).######## #.#
#.####.#....#......# #.#
#.##...#....#......# #.#
#.##...#....#..)...# #.#
#.##...##'#.#......# #.#
#.#@g..............# #.#
#.#g#####.#+#.###### #.#
#..g................ #.#
###.######.....#####
#.#########)................
#.....รท..............)#.####
##################....#.#
##'#.#.## #
##############.#.#..###


You could see 3 hobgoblins.

Vanquished Creatures
  A leopard gecko (D:1)
  5 bats (D:1)
  A giant cockroach (D:1)
  3 goblins (D:1)
  2 hobgoblins (D:1)
  6 jackals (D:1)
  2 kobolds (D:1)
  3 frilled lizards (D:1)
  7 rats (D:1)
30 creatures vanquished.

Notes
Turn   | Place    | Note
-------+----------+-------------------------------------------
     0 | D:1      | bibibibi the Minotaur Berserker began the quest for the
                  | Orb.
     0 | D:1      | Reached XP level 1. HP: 19/19 MP: 0/0
   121 | D:1      | Reached XP level 2. HP: 24/27 MP: 1/1
   543 | D:1      | Reached XP level 3. HP: 29/33 MP: 2/2
   898 | D:2      | Noticed a sky beast
   912 | D:1      | HP: 2/49 [something (5)]
   912 | D:1      | Slain by a hobgoblin

Skill      XL: |  1  2  3 |
---------------+----------+-----
Fighting       | 4 |  4.1
Axes           | 4 |  4.1
Armour         | 3 |  3.0
Dodging        | |  2.7

Action                   || total
-------------------------++-------
Melee: Hand axe          ||    52
       Headbutt          ||     4
Invok: Berserk           ||     1
Armor: Animal skin       ||    18
Dodge: Dodged            ||    54
